 Dungeon Crawl Stone Soup version 0.27.1-34-g3ba077fa99 (webtiles) character file.

Game seed: 4185633886713247006

4 mightbedylan the Vexing (level 1, -2/7 HPs)
             Began as a Felid Enchanter on Jan 25, 2022.
             Slain by a kobold (4 damage)
             ... on level 1 of the Dungeon.
             The game lasted 00:01:01 (737 turns).

mightbedylan the Vexing (Felid Enchanter)            Turns: 737, Time: 00:01:02

Health: -2/7       AC:  1    Str:  4    XL:     1   Next: 50%
Magic:  4/4        EV: 17    Int: 16    God:
Gold:   7          SH:  0    Dex: 16    Spells: 3/4 levels left
                                        Lives:  0   Deaths: 0

rFire    . . .     SeeInvis +     - Unarmed
rCold    . . .     Faith    .   (shield unavailable)
rNeg     . . .     Spirit   .   (armour unavailable)
rPois    .         Reflect  .   (helmet unavailable)
rElec    .         Harm     .   (cloak unavailable)
rCorr    .         Rampage  .   (gloves unavailable)
Will     .....                  (boots unavailable)
Stlth    +++.......             (no amulet)
HPRegen  0.02/turn              (no ring)
MPRegen  0.09/turn              (no ring)

@: weak-willed, quick
A: very small, claws 1, fangs 3, see invisible, speed 1, shaggy fur 1, stealthy
paws, no weapons or thrown items, no armour, multi-lived
a: no special abilities


You were on level 1 of the Dungeon.
You visited 1 branch of the dungeon, and saw 1 of its levels.

You collected 7 gold pieces.

You aren't carrying anything.


   Skills:
 + Level 2.9 Dodging
 + Level 4.1 Stealth
 + Level 1.0 Unarmed Combat
 + Level 2.1 Spellcasting
 + Level 4.4 Hexes


You had 3 spell levels left.
You knew the following spells:

 Your Spells              Type           Power      Damage    Failure   Level
a - Corona                Hex            17%        N/A       3%          1

Your spell library contained the following spells:

 Spells                   Type           Power      Damage    Failure   Level
 Confusing Touch          Hex            16%        N/A       10%         3
 Tukima's Dance           Hex            16%        N/A       10%         3
 Ensorcelled Hibernation  Hex/Ice        16%        N/A       12%         2
 Dazzling Flash           Conj/Hex       16%        N/A       24%         3


Dungeon Overview and Level Annotations

Branches:
Dungeon (1/15)

Altars:


Innate Abilities, Weirdness & Mutations

You have sharp claws.
You have razor-sharp teeth.
You have supernaturally acute eyesight. (SInv)
You cover ground quickly. (Speed+)
You are covered in fur. (AC +1)
Your paws help you pounce on unaware monsters.
You are incapable of wielding weapons or throwing items.
You cannot wear armour.
You gain extra lives every three experience levels.


Message History

A bat is nearby!
You start resting.
A bat comes into view.
A bat is nearby!
You start resting.
A bat is nearby!
A rat comes into view.
You start resting.
HP restored.
You start waiting.
Done waiting.
You pounce on the unaware helpless rat!
You claw the rat!
You kill the rat!
Found a scroll labelled SIUPLI SIPLUALL.
A jackal comes into view.
A jackal is nearby!
A kobold comes into view. It is wielding a +0 dagger.
You see here a scroll labelled SIUPLI SIPLUALL.
b - a scroll labelled SIUPLI SIPLUALL A hobgoblin comes into view.
A jackal comes into view.
Found a ring mail.
The kobold throws a stone.
The stone closely misses you.
A jackal comes into view.
Found 11 sling bullets.
The kobold hits you with a +0 dagger.
Ouch! That really hurt!
The jackal barks!
You barely miss the jackal.
The hobgoblin shouts!
The jackal barks! x2
The jackal misses you. The kobold misses you.
As you read the scroll labelled LIZASIO UNLIV, it crumbles to dust.
You feel aware of your surroundings.
You sensed 1 altar.
It was a scroll of magic mapping.
The jackal closely misses you.
A giant cockroach comes into view.
The kobold hits you with a +0 dagger.
* * * LOW HITPOINT WARNING * * *
As you read the scroll labelled SIUPLI SIPLUALL, it crumbles to dust.
Magic quickly surges around you.
It was a scroll of vulnerability.
The kobold hits you with a +0 dagger.
Ouch! That really hurt!
You die...

.....# *,****,,,,,** ##.###
*,,,,,......* #.# ****,,..(B..* *
#.# *,,......*** ** ##.#
**#......,,******, ...#
*.......*,,,,,,,, ...#
*.....[.********,
...##############Kh.....*****,,,,
................@hhg....,,,,,,***
...################...##********,
...# ***## *, #### *, ** *


You could see 3 jackals, a giant cockroach (weak-willed), a hobgoblin
(weak-willed) and a kobold (weak-willed).

Vanquished Creatures
  A giant cockroach (D:1)
  A goblin (D:1)
  A bat (D:1)
  A rat (D:1)
4 creatures vanquished.

Notes
Turn   | Place    | Note
-------+----------+-------------------------------------------
     0 | D:1      | mightbedylan the Felid Enchanter began the quest for the
                  | Orb.
     0 | D:1      | Reached XP level 1. HP: 7/7 MP: 4/4
   737 | D:1      | Slain by a kobold

Illustrated notes

Levels and vault maps discovered:
D:1:      saegor_arrival_simple_a, layout_rooms,
          shapermc_ecumenical_altar_mp_urbaneastern, item_on_display_a

Action                   || total
-------------------------++-------
Melee: Unarmed           ||    16
       Bite              ||     4
  Use: Scroll            ||     2
 Stab: Sleeping          ||     1
Dodge: Dodged            ||    11
